 Dungeon Crawl Stone Soup version 0.24-a0-512-g2b48af375b (webtiles) character file.

Game seed: 11233201115498759365

672 KapersCrawl the Sneak (level 7, 0/32 HPs)
             Began as a Spriggan Enchanter on July 20, 2019.
             Was a Follower of Uskayaw.
             Slain by a phantom (10 damage)
             ... on level 8 of the Dungeon.
             The game lasted 00:22:04 (7068 turns).

KapersCrawl the Sneak (Spriggan Enchanter)          Turns: 7068, Time: 00:22:05

Health: 0/32       AC:  4    Str:  4    XL:     7   Next: 32%
Magic:  6/15       EV: 21    Int: 19    God:    Uskayaw [*.....]
Gold:   267        SH:  0    Dex: 16    Spells: 9/15 levels left

rFire    . . .     SeeInvis +   r - +2 dagger (flame)
rCold    . . .     Gourm    .   (shield restricted)
rNeg     . . .     Faith    .   b - +2 robe
rPois    .         Spirit   .   (helmet restricted)
rElec    .         Reflect  .   (no cloak)
rCorr    +         Harm     .   (gloves unavailable)
MR       +....                  (boots unavailable)
Stlth    +++++.....             (no amulet)
HPRegen  0.10/turn              j - ring of resist corrosion
MPRegen  0.14/turn              p - ring of stealth

@: marked, very quick
A: very small, unfitting armour, see invisible, herbivore, speed 3, slow
metabolism 2
a: Stomp, Renounce Religion


You were on level 8 of the Dungeon.
You worshipped Uskayaw.
Uskayaw was noncommittal.
You were hungry.

You visited 2 branches of the dungeon, and saw 8 of its levels.
You also visited: Sewer.

You collected 267 gold pieces.

Inventory:

Hand Weapons
 q - a +1 short sword of freezing
 r - a +2 dagger of flaming (weapon)
 s - a +0 dagger of venom
 w - a +0 hunting sling
Missiles
 m - 119 stones (quivered)
 n - a throwing net
 x - 4 boomerangs
Armour
 b - a +2 robe (worn)
Jewellery
 j - a ring of resist corrosion (left hand)
 p - a ring of stealth (right hand)
 u - a cursed ring of attention {unknown}
Scrolls
 a - a scroll of enchant weapon {unknown}
 c - a scroll of fog {unknown}
 f - a scroll of fear {unknown}
 g - a scroll of magic mapping {unknown}
 h - 2 scrolls of remove curse
 v - a scroll of amnesia {unknown}
Potions
 e - 8 potions of curing
 i - a potion of mutation
 k - a potion of magic
 l - a potion of agility {unknown}
 o - a potion of lignification
 z - a potion of resistance
Comestibles
 d - 6 rations


   Skills:
 + Level 3.7 Short Blades
 + Level 5.6 Dodging
 + Level 6.8 Stealth
 + Level 4.7 Spellcasting
 + Level 5.4 Hexes
 - Level 2.0 Ice Magic


You had 9 spell levels left.
You knew the following spells:

 Your Spells              Type           Power        Failure   Level  Hunger
a - Corona                Hex            ####...      1%          1    None
b - Ensorcelled Hibernat  Hex/Ice        ###...       4%          2    #......
c - Tukima's Dance        Hex            ####....     4%          3    ##.....

Your spell library contained the following spells:

 Spells                   Type           Power        Failure   Level  Hunger
 Confuse                  Hex            ####....     4%          3    ##.....
 Dazzling Spray           Conj/Hex       ##....       13%         3    ##.....


Dungeon Overview and Level Annotations

Branches:
Dungeon (8/15)             Temple (1/1) D:4
   Lair: D:8-11

Altars:
Ashenzari
Cheibriados
Dithmenos
Elyvilon
Gozag
Hepliaklqana
Makhleb
Nemelex Xobeh
Okawaru
Ru
Sif Muna
Trog
Uskayaw
Wu Jian
Xom
Yredelemnul
The Shining One

Annotations:
D:4 exclusion: centaur
D:7 Harold


Innate Abilities, Weirdness & Mutations

You are very small and have problems with some larger weapons.
You are too small for most types of armour.
You have supernaturally acute eyesight. (SInv)
You are a herbivore.
You cover ground extremely quickly.
You need to consume almost no food.


Message History

The phantom stops glowing.
You hit the phantom. You burn the phantom.
The phantom is heavily damaged.
The phantom misses you.
You can now stomp with the beat.
You completely miss the phantom.
The phantom is heavily damaged.
The phantom hits you.
You barely miss the phantom.
The phantom is heavily damaged.
You hit the phantom but do no damage.
The phantom is heavily damaged.
The phantom closely misses you.
You hit the phantom. You burn the phantom.
The phantom is heavily damaged.
The phantom hits you!
You closely miss the phantom.
The phantom is heavily damaged.
The phantom hits you!
You die...

#.....#
......+
##.....#
......# #
####
#.....##.#
....
+........#
#..##.....#
#..W@.<...#
#.#######.#


You could see a phantom.

Vanquished Creatures
  2 big kobolds (Sewer)
  A bullfrog (D:5)
  2 scorpions
  A crimson imp (D:1)
  A jelly (D:4)
  A hound (D:4)
  An orc priest (D:5)
  2 orc wizards (D:5)
  A worker ant (D:5)
  A hound skeleton (D:5)
  4 adders
  2 river rats (D:5)
  A shadow imp (D:5)
  An ooze (Sewer)
  An adder skeleton (D:5)
  2 worms
  A dart slug (D:2)
  A leopard gecko (D:4)
  2 orcs
  5 giant cockroaches
  11 goblins
  4 hobgoblins
  2 jackals (D:4)
  4 quokkas
  8 ball pythons
  17 bats
  5 frilled lizards
  11 kobolds
  11 rats
106 creatures vanquished.

Notes
Turn   | Place    | Note
-------+----------+-------------------------------------------
     0 | D:1      | KapersCrawl the Spriggan Enchanter began the quest for the
                  | Orb.
     0 | D:1      | Reached XP level 1. HP: 9/9 MP: 5/5
   383 | D:1      | Reached XP level 2. HP: 13/13 MP: 6/6
   472 | D:1      | Learned a level 2 spell: Ensorcelled Hibernation
   990 | D:2      | Noticed a crimson imp
  1020 | D:2      | Found a bloodstained altar of Trog.
  1585 | D:2      | Reached XP level 3. HP: 16/16 MP: 8/8
  1842 | D:1      | Reached skill level 5 in Stealth
  1981 | D:1      | Reached XP level 4. HP: 11/21 MP: 0/9
  2238 | D:2      | Learned a level 3 spell: Tukima's Dance
  3917 | D:4      | Reached skill level 1 in Ice Magic
  3917 | D:4      | Reached XP level 5. HP: 24/24 MP: 11/11
  4003 | D:4      | Found a staircase to the Ecumenical Temple.
  4014 | Temple   | Entered the Ecumenical Temple
  4100 | Temple   | Became a worshipper of Uskayaw the Reveler
  4134 | D:4      | Reached * piety under Uskayaw
  4671 | D:4      | Noticed a centaur
  5204 | D:4      | Found a shadowy altar of Dithmenos.
  5291 | D:5      | Entered Level 5 of the Dungeon
  5393 | D:5      | Found a glowing drain.
  5398 | D:5      | Reached XP level 6. HP: 28/28 MP: 7/12
  5400 | D:5      | Reached ** piety under Uskayaw
  5419 | Sewer    | Entered a sewer
  5772 | Sewer    | Reached skill level 6 in Stealth
  5861 | Sewer    | Reached skill level 5 in Dodging
  5861 | Sewer    | Reached skill level 5 in Hexes
  5950 | D:5      | Reached *** piety under Uskayaw
  5958 | D:5      | Reached XP level 7. HP: 32/32 MP: 2/14
  5958 | D:5      | Reached **** piety under Uskayaw
  6580 | D:5      | Found an ornate altar of the Wu Jian Council.
  6988 | D:5      | You fall into a shaft and drop 2 floors!
  6990 | D:7      | Noticed Harold
  7068 | D:8      | Slain by a phantom

Levels and vault maps discovered:
D:1:      kennysheep_arrival_seaside, layout_rooms
D:2:      layout_rooms, lemuel_crystal_altar
D:3:      layout_basic, minivault_24, saegor_snake_ambush
D:4:      layout_layer_cave, lemuel_coloured_pillars_altar,
          minmay_temple_entry_sparse_star, first_ration
D:5:      layout_basic, marbit_many_paths, cheibrodos_sewer_entry_sluice
D:7:      minmay_clustersquares, layout_basic, kennysheep_mini, uniq_pikel,
          uniq_harold
D:8:      layout_basic, dpeg_oklobed_lair, uniq_erica
Temple:   nicolae_temple_great_sept

Skill      XL: |  1  2  3  4  5  6 |
---------------+-------------------+-----
Spellcasting   | 3 4 |  4.7
Hexes          | 4 5 |  5.4
Short Blades   | 2 3 |  3.7
Stealth        | 5 6 |  6.8
Dodging        | 4 5 |  5.6
Ice Magic      | 1 2 |  2.0

Action                   |  1- 3 |  4- 6 |  7- 9 || total
-------------------------+-------+-------+-------++-------
Melee: Dagger            |   111 |    21 |    21 ||   153
       Short sword       |       |   146 |    13 ||   159
 Fire: Hunting sling     |       |    13 |       ||    13
Throw: Stone             |     1 |       |       ||     1
 Cast: Corona            |    22 |    16 |     2 ||    40
       Ensorcelled Hiber |    17 |    40 |    10 ||    67
       Tukima's Dance    |       |     1 |     3 ||     4
Invok: Stomp             |       |       |     2 ||     2
  Use: Scroll            |       |    13 |     1 ||    14
       Potion            |       |     3 |     2 ||     5
 Stab: Sleeping          |    11 |    28 |     6 ||    45
       Distracted        |       |     1 |       ||     1
       Paralysed         |       |     1 |       ||     1
  Eat: Ration            |       |     2 |     1 ||     3
Armor: Robe              |    23 |    17 |     1 ||    41
       Skin              |       |    18 |       ||    18
Dodge: Dodged            |    97 |   159 |    21 ||   277

Table legend:
 A = Non-vault XP
 B = Vault XP
 C = Vault XP percentage of total XP
 D = Non-vault monster count
 E = Vault monster count
 F = Vault count percentage of total count
                 A         B        C        D         E       F
            +---------+---------+-------+---------+---------+-------
      Total |     706 |     254 |  26.5 |      82 |      24 |  22.6
            +---------+---------+-------+---------+---------+-------
        D:1 |      98 |       0 |   0.0 |      25 |       0 |   0.0
        D:2 |      29 |       0 |   0.0 |      10 |       0 |   0.0
        D:3 |      66 |       2 |   2.9 |      26 |       2 |   7.1
        D:4 |     175 |       0 |   0.0 |       9 |       0 |   0.0
        D:5 |     338 |      33 |   8.9 |      12 |       5 |  29.4
      Sewer |       0 |     219 | 100.0 |       0 |      17 | 100.0
            +---------+---------+-------+---------+---------+-------
